[ AOE2 MATCH · #505156522 ]
UnrankedPersians vs Berbers
Player's team · WIN
Rival team · LOSS
[ REPLAY ANALYSIS · EXTRACTED FROM THE RECORDED GAME ]
Feudal
—
Castle
—
Imperial
—
| APM avg | 98.8 |
| APM peak | 119 |
| eAPM avg | 24.3 |
| Villagers / military | 21 / 2 |
Focus
⚔️ 29.7% · 🌾 70.3%
Militia ×2
Feudal
—
Castle
—
Imperial
—
| APM avg | 71.5 |
| APM peak | 94 |
| eAPM avg | 20.7 |
| Villagers / military | 18 / 0 |
Focus
⚔️ 43.9% · 🌾 56.1%
Match map
Initial resources + every placement click. Lines = walls · curves = elevation contours. ◆ gold · ⬟ stone · ● berries · ✦ relic · ◌ wall gap
Your base
AiM | Cronnos's base
Smoothed initial terrain · ◌ = detected wall gap · hover for details
Inputs per minute
— BOA - - AiM | Cronnos
Build order — BOA
37 actions detected in the replay
| 0:00 | Create | Villager (Male) |
| 0:02 | Build | House |
| 0:03 | Build | House |
| 0:03 | Create | Villager (Male) |
| 0:11 | Create | Villager (Male) |
| 0:15 | Create | Villager (Male) |
| 0:21 | Create | Villager (Male) |
| 1:24 | Create | Villager (Male) |
| 1:42 | Build | Lumber Camp |
| 1:53 | Create | Villager (Male) |
| 2:08 | Create | Villager (Male) |
| 2:37 | Create | Villager (Male) |
| 2:54 | Create | Villager (Male) |
| 3:29 | Create | Villager (Male) |
| 3:30 | Create | Villager (Male) |
| 3:38 | Build | House |
| 3:43 | Create | Villager (Male) |
| 4:01 | Create | Villager (Male) |
| 4:10 | Build | Barracks |
| 4:33 | Create | Villager (Male) |
| 4:51 | Build | House |
| 5:08 | Create | Militia |
| 5:09 | Create | Militia |
| 5:10 | Create | Villager (Male) |
| 5:36 | Build | Palisade Wall |
| 5:45 | Create | Villager (Male) |
| 5:47 | Create | Villager (Male) |
| 6:04 | Create | Villager (Male) |
| 6:05 | Create | Villager (Male) |
| 6:31 | Build | Mill |
| 6:31 | Create | Villager (Male) |
| 6:43 | Research | Loom |
| 7:20 | Build | Farm |
| 7:23 | Build | Farm |
| 7:47 | Research | Feudal Age |
| 7:57 | Build | Farm |
| 8:19 | Build | Farm |
Build order — AiM | Cronnos
33 actions detected in the replay
| 0:00 | Create | Villager (Male) |
| 0:00 | Create | Villager (Male) |
| 0:01 | Create | Villager (Male) |
| 0:02 | Build | House |
| 0:03 | Build | House |
| 0:06 | Create | Villager (Male) |
| 0:07 | Create | Villager (Male) |
| 1:28 | Create | Villager (Male) |
| 1:56 | Build | Lumber Camp |
| 2:00 | Create | Villager (Male) |
| 2:01 | Create | Villager (Male) |
| 2:15 | Create | Villager (Male) |
| 2:15 | Create | Villager (Male) |
| 2:53 | Create | Villager (Male) |
| 3:04 | Create | Villager (Male) |
| 3:05 | Create | Villager (Male) |
| 3:42 | Create | Villager (Male) |
| 3:50 | Build | House |
| 4:11 | Create | Villager (Male) |
| 4:37 | Create | Villager (Male) |
| 4:37 | Create | Villager (Male) |
| 4:44 | Build | Mill |
| 4:47 | Build | Mill |
| 5:26 | Create | Villager (Male) |
| 5:34 | Research | Loom |
| 6:23 | Research | Feudal Age |
| 6:23 | Research | Feudal Age |
| 7:04 | Build | Palisade Wall |
| 7:05 | Build | Palisade Wall |
| 7:20 | Build | Palisade Wall |
| 7:21 | Build | Palisade Wall |
| 8:05 | Build | Barracks |
| 8:13 | Build | House |
Match timeline
| 4:10 | BOA · first_building Barracks |
| 5:36 | BOA · wall_segment Palisade Wall x4 |
| 7:04 | AiM | Cronnos · wall_segment Palisade Wall x1 |
| 7:05 | AiM | Cronnos · wall_segment Palisade Wall x1 |
| 7:20 | AiM | Cronnos · wall_segment Palisade Wall x1 |
| 7:21 | AiM | Cronnos · wall_segment Palisade Wall x1 |
| 8:05 | AiM | Cronnos · first_building Barracks |
| 8:27 | AiM | Cronnos · resign |
[ AI ANALYSIS · 1 CREDIT ]
What really happened in this match?
Wolo.gg analyzes every decision: build order, eco, micro, common mistakes by bracket. Personalized analysis on WhatsApp or Discord in 30 seconds.
Civ guide
Persians
Perfil
Jugador #65647